 Dungeon Crawl Stone Soup version 0.31-a0-162-gc4c5a43528 (webtiles) character file.

Game seed: 18385421426176621892

110 qw the Chopper (level 4, -2/28 HPs)
             Began as a Gargoyle Fighter on June 12, 2023.
             Slain by Sigmund
             ... wielding a +0 scythe
              (7 damage)
             ... on level 2 of the Dungeon.
             The game lasted 00:00:47 (1025 turns).

qw the Chopper (Gargoyle Fighter)                   Turns: 1025, Time: 00:00:48

Health: -2/28      AC: 11    Str: 21    XL:     4   Next: 91%
Magic:  4/4        EV:  9    Int:  9    God:
Gold:   109        SH:  4    Dex:  9    Spells: 3/3 levels left

rFire   . . .        Y - +0 war axe
rCold   . . .        c - +0 buckler
rNeg    + . .        b - +0 scale mail
rPois   inf          (no helmet)
rElec   +            e - +0 cloak
rCorr   .            (no gloves)
SInv    .            (no boots)
Will    +....        (no amulet) Stlth
                     l - ring of willpower
HPRegen 0.24/turn    (no ring)
MPRegen 0.09/turn

%: no passive effects
@: no status effects
A: sickness immunity, AC +3, negative energy resistance 1, electricity
resistance, torment resistance 1, petrification resistance
a: no special abilities


You were on level 2 of the Dungeon.
You visited 1 branch of the dungeon, and saw 2 of its levels.

You collected 109 gold pieces.


Innate Abilities, Weirdness & Mutations

You are immune to sickness and miasma.
Your stone body is resilient. (AC +3)
You are immune to poison.
You resist negative energy. (rN+)
You are resistant to electric shocks. (rElec)
You are resistant to unholy torment.
You are immune to petrification.


   Skills:
 - Level 3.2 Fighting
 + Level 4.4 Axes
 - Level 3.2 Armour
 - Level 3.2 Shields


You had 3 spell levels left.
You didn't know any spells.
Your spell library was empty.

Inventory:

Hand Weapons
 a - a +0 flail
 Y - a +0 war axe (weapon)
Armour
 b - a +0 scale mail (worn)
 c - a +0 buckler (worn)
 e - a +0 cloak (worn)
Jewellery
 l - a ring of willpower (left hand)
Scrolls
 f - 2 scrolls of identify {unknown}
Potions
 d - a potion of might
 h - a potion of curing {unknown}
 i - a potion of berserk rage {unknown}
 o - a potion of haste {unknown}

Dungeon Overview and Level Annotations

Branches:
Dungeon (2/15)

Altars:

Annotations:
D:2 Sigmund


Message History

The magic dart hits you. Jessica barely misses you.
You hit Sigmund.
Sigmund is lightly wounded.
You slash Jessica! You block Jessica's attack. Sigmund closely misses you.
You closely miss Jessica.
Jessica is almost dead.
You closely miss Sigmund. Jessica hits you but does no damage.
Sigmund casts a spell at you.
The puff of flame hits you but does no damage.
You slash Jessica!
You kill Jessica!
You barely miss Sigmund. Sigmund hits you but does no damage.
You hit Sigmund.
Sigmund is moderately wounded.
Sigmund barely misses you.
You closely miss Sigmund.
Sigmund is moderately wounded.
Sigmund gestures at you while chanting. The magic dart hits you.
You hit Sigmund.
Sigmund is heavily wounded.
Sigmund barely misses you.
You hit Sigmund but do no damage.
Sigmund is heavily wounded.
Sigmund hits you but does no damage.
You slash Sigmund!
Sigmund is almost dead.
You closely miss Sigmund.
Sigmund is almost dead.
Sigmund hits you with a +0 scythe!
You closely miss Sigmund.
Sigmund is almost dead.
Sigmund barely misses you.
You completely miss Sigmund.
Sigmund is almost dead.
Sigmund hits you with a +0 scythe!
You die...

#. #.####.#...#..####
#.##.####.#...#..####
####.......%............
....................####
###.###.#####....##.#
##### #.# #..#.# .#
......###.#####..#... #
# #....................
. #.##.###@@......#.....
. # ##)###.#.#.##..##.
.# # ... .. #. .## ..#.
.. .... .. ..#. .. #.
....


You could see Sigmund.

Vanquished Creatures
  Jessica (D:2)
  Terence (D:2)
  2 adders (D:2)
  3 dart slugs
  5 bats
  5 endoplasms
  2 giant cockroaches
  A goblin (D:1)
  3 hobgoblins
  3 kobolds (D:2)
  4 quokkas
  3 ball pythons (D:1)
  A frilled lizard (D:1)
  3 rats (D:1)
37 creatures vanquished.

Notes
Turn   | Place    | Note
-------+----------+-------------------------------------------
     0 | D:1      | qw the Gargoyle Fighter began the quest for the Orb.
     0 | D:1      | Reached XP level 1. HP: 14/14 MP: 1/1
     0 | D:1      | 0 ||| qw: Version: 0.2-a-29-gc1b59c4
     0 | D:1      | 0 ||| qw: Game counter: 4414
     0 | D:1      | 0 ||| qw: Always use a shield: true
     0 | D:1      | 0 ||| qw: God list: Okawaru
     0 | D:1      | 0 ||| qw: Allow faded altars: false
     0 | D:1      | 0 ||| qw: Do Orc after D:15 true
     0 | D:1      | 0 ||| qw: Do second Lair branch before Depths: true
     0 | D:1      | 0 ||| qw: Lair rune preference: random
     0 | D:1      | 0 ||| qw: Plans: Normal, Zot:1-4, Slime:5, God:TSO, Crypt,
                  | Tomb, Abyss, Pan, Hells, Win
     0 | D:1      | 0 ||| PLANNING D:1-11
    31 | D:1      | Found a faded altar of an unknown god.
    65 | D:1      | Reached skill level 2 in Axes
   100 | D:1      | Reached XP level 2. HP: 19/19 MP: 2/2
   100 | D:1      | 100 ||| DROPPING -2 club.
   386 | D:1      | Reached skill level 3 in Axes
   422 | D:1      | Reached XP level 3. HP: 23/23 MP: 3/3
   543 | D:1      | 543 ||| UPGRADING to +0 cloak.
   548 | D:1      | 548 ||| UPGRADING to ring of willpower.
   549 | D:1      | 549 ||| READING scroll labelled FYEF BATUPRETZAU.
   550 | D:1      | 550 ||| READING scroll labelled ROCEJI OROFFE.
   551 | D:1      | 551 ||| READING 2 scrolls labelled EMNYIPN ONURR.
   552 | D:1      | 552 ||| READING scroll labelled YREEMI NUMICLIE.
   553 | D:1      | 553 ||| DRINKING 2 smoky coppery potions.
   554 | D:1      | 554 ||| DROPPING scroll of fear.
   555 | D:1      | 555 ||| DROPPING potion of enlightenment.
   665 | D:2      | Noticed Terence
   668 | D:2      | Killed Terence
   669 | D:2      | Reached XP level 4. HP: 28/28 MP: 4/4
   703 | D:2      | 703 ||| DROPPING +0 club.
   951 | D:2      | Reached skill level 4 in Axes
  1006 | D:2      | Noticed Jessica
  1007 | D:2      | Noticed Sigmund
  1008 | D:2      | 1008 ||| Stepping ~*~*~tactically~*~*~ (hiding).
  1010 | D:2      | 1010 ||| Stepping ~*~*~tactically~*~*~ (hiding).
  1017 | D:2      | Killed Jessica
  1023 | D:2      | HP: 4/28 [Sigmund/+0 scythe (7)]
  1025 | D:2      | Slain by Sigmund

Levels and vault maps discovered:
D:1:      lightli_arrival_flooded_house, layout_basic,
          ebering_ecumenical_altar_rust, minmay_bisected
D:2:      layout_basic, serial_shops, nicolae_shop_crystal, shop, shop,
          kennysheep_generic_room_13, uniq_sigmund, uniq_terence, uniq_jessica

Skill      XL: |  1  2  3  4 |
---------------+-------------+-----
Axes           | 2 3 4 |  4.4
Fighting       | |  3.2
Armour         | |  3.2
Shields        | |  3.2

Action                     |  1- 3 |  4- 6 || total
---------------------------+-------+-------++-------
  Melee: War axe           |    78 |    72 ||   150
    Use: Scroll            |     4 |       ||     4
         Potion            |     1 |       ||     1
 Armour: Scale mail        |    35 |    45 ||    80
  Dodge: Dodged            |    28 |    26 ||    54
  Block: Buckler           |    12 |    13 ||    25

Table legend:
 A = Non-vault XP
 B = Vault XP
 C = Vault XP percentage of total XP
 D = Non-vault monster count
 E = Vault monster count
 F = Vault count percentage of total count
                 A         B        C        D         E       F
            +---------+---------+-------+---------+---------+-------
      Total |      85 |      73 |  46.2 |      33 |       4 |  10.8
            +---------+---------+-------+---------+---------+-------
        D:1 |      36 |       0 |   0.0 |      20 |       0 |   0.0
        D:2 |      49 |      73 |  59.8 |      13 |       4 |  23.5
            +---------+---------+-------+---------+---------+-------
